 Dungeon Crawl Stone Soup version 0.31-a0-7-g51783674b7 (webtiles) character file.

Game seed: 8528869170396357341

222 Pimp the Chiller (level 5, -4/35 HPs)
             Began as a Demonspawn Ice Elementalist on May 5, 2023.
             Slain by a hobgoblin
             ... wielding a +0 scythe
              (12 damage)
             ... on level 4 of the Dungeon.
             The game lasted 00:07:24 (3098 turns).

Pimp the Chiller (Demonspawn Ice Elementalist)      Turns: 3098, Time: 00:07:24

Health: -4/35      AC:  4    Str:  8    XL:     5   Next: 66%
Magic:  17/18      EV: 13    Int: 18    God:
Gold:   224        SH:  0    Dex: 14    Spells: 1/10 levels left

rFire   x . .        l - +0 short sword
rCold   + . .        (no shield)
rNeg    . . .        a - +0 robe
rPois   .            (no helmet)
rElec   .            (no cloak)
rCorr   .            m - +1 pair of gloves
SInv    .            (no boots)
Will    .....        (no amulet)
Stlth   ++           e - ring of ice
HPRegen 0.25/turn    o - ring of magical power
MPRegen 0.32/turn

%: no passive effects
@: invisible
A: magic regeneration, demonic magic 1
a: no special abilities


You were on level 4 of the Dungeon.
You visited 1 branch of the dungeon, and saw 5 of its levels.

You collected 224 gold pieces.

Inventory:

Hand Weapons
 c - a +0 whip
 l - a +0 short sword (weapon)
Armour
 a - a +0 robe (worn)
 m - a +1 pair of gloves (worn)
Jewellery
 e - a ring of ice (left hand)
 o - a ring of magical power (right hand)
 s - a ring of resist corrosion
Scrolls
 g - a scroll of poison
 n - 2 scrolls of silence
Potions
 b - a potion of magic
 f - a potion of curing
 h - a potion of degeneration
 j - a potion of cancellation
 p - a potion of mutation


   Skills:
 + Level 3.1 Dodging
 + Level 3.2 Stealth
 + Level 3.2 Spellcasting
 + Level 4.4 Ice Magic


You had one spell level left.
You knew the following spells:

 Your Spells              Type           Power      Damage    Failure   Level
a - Freeze                Ice            100%       1d10      2%          1
b - Frozen Ramparts       Ice            56%        1d9       8%          3
c - Ozocubu's Armour      Ice            28%        N/A       8%          3
d - Ensorcelled Hibernat  Hex/Ice        32%        N/A       10%         2

Your spell library contained the following spells:

 Spells                   Type           Power      Damage    Failure   Level
 Passwall                 Tmut/Erth      1%         N/A       24%         2
 Swiftness                Air            2%         N/A       43%         3
 Summon Ice Beast         Ice/Summ       16%        N/A       54%         4


Dungeon Overview and Level Annotations

Branches:
Dungeon (5/15)
 Temple: D:4-7

Altars:
Ashenzari
Qazlal
Ru

Annotations:
D:4 Ijyb


Innate Abilities, Weirdness & Mutations

You regenerate magic rapidly.
Spells you cast may paralyse adjacent enemies.


Message History

Okay, then.
You fade into invisibility!
The wall freezes the hobgoblin!
You kill the hobgoblin!
The hobgoblin closely misses you. x2; The wall freezes the hobgoblin!
You kill the hobgoblin!
Unknown command.
The hobgoblin misses you.
The wall freezes the hobgoblin!
You kill the hobgoblin!
The hobgoblin misses you. The hobgoblin misses you.
The wall freezes the hobgoblin but does no damage.
The hobgoblin closely misses you.
The hobgoblin hits you from afar with a +0 scythe.
The hobgoblin hits you from afar with a +0 scythe.
The hobgoblin misses you.
The wall freezes the hobgoblin.
You kill the hobgoblin!
The wall freezes the hobgoblin but does no damage.
The hobgoblin hits you from afar with a +0 scythe!
The hobgoblin misses you.
Your frozen ramparts will break if you move.
Continue? [Y]es or [N]o only, please.
Your frozen ramparts will break if you move.
Continue? [Y]es or [N]o only, please.
Your frozen ramparts will break if you move.
Continue?
Okay, then.
You feel better.
The wall freezes the hobgoblin!
You kill the hobgoblin!
The hobgoblin misses you.
The hobgoblin hits you from afar with a +0 scythe.
The hobgoblin hits you from afar with a +0 scythe!
* * * LOW HITPOINT WARNING * * *
You feel better. The hobgoblin closely misses you. The hobgoblin misses you. x2
Unknown command.
Your frozen ramparts will break if you move.
Continue?
The frozen ramparts melt away as you move.
The hobgoblin hits you with a +0 scythe.
* * * LOW HITPOINT WARNING * * *
The hobgoblin hits you with a +0 scythe!
You die...

####
#####...#
#.#)..?.#
##>.)....#
#..@g....#
#..gg......
#........##
#..###...#
#.## ...#
#. ..# ..
... ... ###


You could see 3 hobgoblins.

Vanquished Creatures
  A sky beast (D:3)
  An orc wizard (D:3)
  2 adders
  4 dart slugs (D:1)
  4 orcs (D:3)
  5 ball pythons
  6 endoplasms
  2 giant cockroaches (D:2)
  2 goblins
  11 hobgoblins
  6 jackals
  4 quokkas
  7 bats
  A frilled lizard (D:2)
  9 kobolds
  3 rats
68 creatures vanquished.

Vanquished Creatures (others)
  2 fungi (D:1)
  3 toadstools (D:1)
5 creatures vanquished.

Grand Total: 73 creatures vanquished

Notes
Turn   | Place    | Note
-------+----------+-------------------------------------------
     0 | D:1      | Pimp the Demonspawn Ice Elementalist began the quest for
                  | the Orb.
     0 | D:1      | Reached XP level 1. HP: 13/13 MP: 3/3
   387 | D:1      | Gained mutation: Spells you cast may paralyse adjacent
                  | enemies. [demonic ancestry]
   387 | D:1      | Reached XP level 2. HP: 19/19 MP: 0/5
   792 | D:1      | Found a faded altar of an unknown god.
  1215 | D:2      | Reached XP level 3. HP: 24/24 MP: 4/6
  1335 | D:2      | Reached skill level 4 in Ice Magic
  1747 | D:2      | Learned a level 3 spell: Frozen Ramparts
  1751 | D:2      | Learned a level 3 spell: Ozocubu's Armour
  1999 | D:2      | Gained mutation: You regenerate magic rapidly. [demonic
                  | ancestry]
  1999 | D:2      | Reached XP level 4. HP: 30/30 MP: 7/7
  2211 | D:3      | Found a sacrificial altar of Ru.
  2264 | D:3      | Found a broken altar of Ashenzari.
  2455 | D:3      | Found a stormy altar of Qazlal.
  2455 | D:3      | Noticed a sky beast
  2597 | D:3      | Killed a sky beast
  2598 | D:3      | Reached XP level 5. HP: 12/35 MP: 9/9
  2758 | D:3      | Learned a level 2 spell: Ensorcelled Hibernation
  3083 | D:4      | Noticed Ijyb
  3083 | D:4      | Noticed an ogre
  3083 | D:4      | You fall into a shaft and drop 1 floor!
  3083 | D:5      | Entered Level 5 of the Dungeon
  3098 | D:4      | Slain by a hobgoblin

Illustrated notes

Levels and vault maps discovered:
D:1:      shiori_shiawase, layout_basic, hellmonk_ecumenical_altar_zigzags,
          hangedman_decor_diamond_cutter, minmay_gold_behind_fungi
D:2:      layout_rooms, nicolae_hexahallways, minmay_quadrilaterals
D:3:      layout_rooms, nicolae_qazlal_beasts_of_the_sky,
          mainiacjoe_overflow_two_lobes
D:4:      layout_rooms, mainiacjoe_overflow_alcove_3,
          chequers_temple_overflow_statue_of_worship, sigmund_army, uniq_ijyb,
          uniq_duvessa
D:5:      layout_loops_ring, minmay_temple_entry_antechambers

Skill      XL: |  1  2  3  4 |
---------------+-------------+-----
Stealth        | 2 3 |  3.2
Dodging        | 2 3 |  3.1
Ice Magic      | 4 |  4.4
Spellcasting   | 3 |  3.2

Action                     |  1- 3 |  4- 6 || total
---------------------------+-------+-------++-------
  Melee: Whip              |    47 |       ||    47
         Unarmed           |    16 |       ||    16
         Short sword       |    57 |    33 ||    90
         Punch             |     1 |     1 ||     2
   Cast: Freeze            |    32 |    15 ||    47
         Frozen Ramparts   |       |     3 ||     3
    Use: Scroll            |       |    10 ||    10
         Potion            |       |     3 ||     3
   Stab: Paralysed         |    18 |     5 ||    23
         Sleeping          |     6 |       ||     6
 Armour: Robe              |    22 |    13 ||    35
  Dodge: Dodged            |    87 |    37 ||   124

Table legend: (Time is in decaauts)
 A = Elapsed time spent in this place.
 B = Non-inter-level travel time spent in this place.
 C = Inter-level travel time spent in this place.
 D = Time resting spent in this place.
 E = Time spent auto-exploring this place.
 F = Levels seen in this place.
 G = Mean time per level.
                   A        B        C        D        E       F      G
               +--------+--------+--------+--------+--------+-----+--------+
         Total |   3099 |   3015 |     84 |    424 |   2021 |   5 |  619.8 |
       Dungeon |   3099 |   3015 |     84 |    424 |   2021 |   5 |  619.8 |
               +--------+--------+--------+--------+--------+-----+--------+

Top non-repeatable levels by time:
     D:1: 1154 daAuts
     D:3: 976 daAuts
     D:2: 954 daAuts
     D:4: 7 daAuts
     D:5: 6 daAuts
